Map: Jagannatha LE

Players

MèoMáiKà (MeomaikA)

  • Race: Zerg Zerg
  • League: Grandmaster
  • Spawn Location: 1:00

Seither - Winner!

  • Race: Terran Terran
  • League: Grandmaster
  • Spawn Location: 7:00

Event: DreamHack SC2 Masters 2020 Winter

VOD

Have the link to the VOD?

Description

Time

  • Played on: Oct. 22, 2020, 5:19 a.m.
  • Length: 18:02

All games in this series

Show
View Real Time Build Order
Export as new Build Order

MèoMáiKà Zerg 

Build Orders: Pool First, Muta Ling Bane 

Get SALT Encoding   

  12  0:00  Drone  
  13  0:08  Drone  
  14  0:16  Overlord  
  14  0:23  Drone, Extractor  
  15  0:34  Drone x2  
  17  0:45  Spawning Pool  
  17  0:48  Drone  
  17  1:08  Hatchery  
  17  1:11  Drone  
  17  1:12  Extractor  
  17  1:16  Drone  
  17  1:20  Drone  
  18  1:31  Zergling x2  
  18  1:32  Queen  
  19  1:37  Drone  
  22  1:48  Overlord  
  22  2:06  Drone  
  22  2:08  Queen  
  23  2:10  Drone  
  23  2:13  Metabolic Boost  
  26  2:20  Drone  
  29  2:23  Drone  
  28  2:36  Hatchery, Drone  
  28  2:39  Drone  
  28  2:42  Drone  
  30  2:44  Drone  
  30  2:47  Drone  
  30  2:50  Drone  
  33  2:53  Drone  
  33  2:58  Overlord  
  34  3:01  Drone  
  35  3:06  Evolution Chamber  
  35  3:08  Drone  
  35  3:10  Drone  
  36  3:17  Drone x4  
  40  3:23  Zergling x4  
  40  3:24  Drone  
  43  3:31  Zerg Melee Weapons Level 1  
  43  3:34  Lair  
  43  3:35  Drone  
  43  3:38  Drone, Extractor  
  44  3:50  Zergling x2  
  44  3:52  Zergling x2  
  44  3:53  Zergling x2  
  44  3:54  Zergling x4  
  49  3:55  Drone  
  49  3:56  Drone x2  
  49  3:58  Overlord  
  49  4:00  Overlord  
  50  4:04  Extractor  
  50  4:05  Drone  
  50  4:08  Overlord  
  50  4:11  Overlord  
  50  4:14  Overlord  
  50  4:16  Overlord  
  50  4:19  Drone  
  51  4:24  Drone x2  
  51  4:25  Drone  
  54  4:31  Drone x2  
  54  4:32  Drone x2  
  54  4:37  Spire  
  57  4:41  Queen  
  59  4:48  Drone x3  
  59  4:50  Drone x2  
  59  4:52  Drone  
  65  4:57  Spore Crawler, Drone  
  65  5:00  Spore Crawler  
  65  5:01  Spore Crawler  
  65  5:02  Drone  
  65  5:05  Overlord  
  65  5:06  Drone  
  65  5:09  Drone  
  65  5:10  Drone  
  65  5:11  Drone  
  67  5:19  Queen x2  
  71  5:23  Overlord  
  71  5:24  Drone  
  71  5:28  Zerg Melee Weapons Level 2  
  72  5:29  Drone  
  72  5:31  Drone, Extractor  
  72  5:33  Drone x2  
  72  5:35  Drone  
  76  5:37  Zergling x4  
  76  5:39  Zergling x2  
  76  5:50  Corruptor x2  
  76  5:51  Corruptor  
  82  5:59  Corruptor  
  82  6:00  Overlord  
  82  6:02  Zergling x2  
  82  6:03  Zergling x2  
  86  6:13  Zergling x14  
  93  6:21  Zergling x10  
  93  6:25  Zergling x4  
  100  6:31  Zerg Flyer Weapons Level 1  
  100  6:32  Drone x5  
  103  6:35  Extractor  
  102  6:41  Baneling Nest  
  102  6:43  Extractor  
  102  6:44  Drone x3  
  102  6:45  Drone x2  
  102  6:46  Drone  
  106  6:53  Zergling x2  
  108  6:54  Zergling x2  
  108  6:55  Zergling x2  
  108  6:56  Zergling x2  
  108  7:00  Zergling x4, Hatchery  
  111  7:01  Zergling x2  
  111  7:02  Zergling x2  
  111  7:03  Zergling x2  
  111  7:05  Zergling x4  
  116  7:09  Zergling x2  
  116  7:12  Zergling x4  
  116  7:14  Zergling x2  
  107  7:18  Zergling x2  
  107  7:19  Zergling x2  
  107  7:20  Zergling x2  
  100  7:24  Centrifical Hooks  
  100  7:25  Zergling x2  
  100  7:26  Zergling x8  
  100  7:27  Zergling x2  
  106  7:36  Zergling x2  
  106  7:37  Zergling x4  
  106  7:41  Drone  
  106  7:42  Drone x2  
  110  7:47  Drone  
  110  7:49  Drone x2  
  113  7:51  Zerg Ground Armor Level 1  
  112  7:58  Drone x2  
  112  7:59  Overlord x3  
  111  8:26  Mutalisk x15  
  141  8:28  Zergling x4  
  143  8:37  Overlord  
  143  8:39  Baneling x7  
  143  8:43  Hatchery, Baneling x4  
  143  8:44  Zergling x2  
  143  8:48  Spore Crawler, Extractor x2  
  142  8:49  Spine Crawler, Drone  
  142  8:51  Drone  
  142  8:52  Drone  
  142  8:53  Drone  
  143  9:00  Overseer  
  143  9:02  Pneumatized Carapace  
  143  9:03  Zergling x12  
  143  9:04  Drone  
  143  9:05  Drone  
  151  9:12  Zerg Flyer Weapons Level 2  
  151  9:16  Overlord  
  151  9:19  Overlord  
  151  9:30  Overlord x2  
  151  9:33  Overlord  
  151  9:38  Drone  
  151  9:39  Drone x8  
  151  9:41  Zergling x2  
  151  9:42  Zergling x8  
  151  9:43  Zergling x2  
  166  9:47  Zerg Ground Armor Level 2  
  166  9:59  Zergling x2  
  167  10:02  Zergling x2  
  167  10:03  Drone x3  
  167  10:04  Zergling x2  
  167  10:05  Zergling x16  
  180  10:08  Queen  
  180  10:11  Zergling x2  
  180  10:13  Zergling x2  
  182  10:15  Overlord  
  181  10:22  Zergling x14  
  181  10:23  Overlord  
  181  10:27  Infestation Pit  
  187  10:29  Baneling  
  187  10:30  Drone, Baneling x12  
  186  10:44  Baneling  
  186  10:55  Drone x4  
  186  10:56  Drone x11  
  199  11:13  Hive  
  199  11:14  Extractor  
  199  11:17  Evolution Chamber  
  195  11:39  Extractor  
  194  11:52  Hatchery  
  193  11:54  Hatchery  
  173  12:23  Queen  
  173  12:27  Zerg Ground Armor Level 3  
  173  12:28  Zerg Melee Weapons Level 3  
  173  12:30  Adrenal Glands  
  173  12:31  Baneling Nest  
  173  12:35  Zergling x54  
  173  12:37  Baneling x22  
  199  12:39  Baneling  
  199  12:40  Baneling x5  
  183  13:12  Overseer  
  175  13:19  Zergling x2  
  189  13:20  Zergling x48, Ultralisk Cavern  
  160  13:42  Zergling x2  
  145  14:07  Ultralisk x9  
  145  14:09  Anabolic Synthesis  
  199  14:13  Zergling x2  
  199  14:14  Zergling x4, Baneling  
  199  14:15  Baneling x15  
  198  14:22  Baneling x17  
  198  14:23  Baneling x9  
  198  14:27  Overseer  
  198  14:28  Overseer x2  
  197  14:42  Overlord  
  197  14:51  Chitinous Plating  
  173  15:23  Zergling x68  
  173  15:24  Zergling x4  
  195  15:29  Zergling x2  
  195  15:31  Zergling x2  
  181  15:35  Zergling x2  
  181  15:36  Zergling x6  
  181  15:42  Zergling x4  
  178  15:44  Drone x2  
  178  15:48  Zergling x2  
  178  15:49  Zergling x2  
  181  15:58  Hatchery  
  181  15:59  Baneling x38  
  181  16:00  Baneling x19  
  181  16:01  Zergling x18  
  181  16:02  Overlord, Viper  
  181  16:03  Baneling x30  
  192  16:08  Zergling x2  
  192  16:09  Zergling x8  
  197  16:25  Zergling x2  
  169  16:29  Zergling x2  
  169  16:30  Zergling x28  
  163  16:37  Zergling x2  
  163  16:39  Zergling x2  
  157  16:40  Zergling x2  
  157  16:41  Zergling x2  
  157  16:42  Zergling x8  
  157  16:45  Zergling x6  
  157  16:46  Zergling x4  
  155  16:47  Zergling x2  
  155  16:49  Zergling x2  
  155  16:51  Zergling x2  
  155  16:52  Zergling x6  
  139  16:58  Hatchery  
  139  16:59  Zergling x2  
  127  17:05  Zergling x6  
  119  17:10  Zergling x2  
  119  17:11  Zergling x2  
  119  17:14  Drone x4  
  119  17:15  Zergling x2  
  121  17:17  Zergling x6  
  121  17:19  Baneling x14  
  121  17:21  Zergling x2  
  124  17:23  Zergling x2  
  124  17:25  Zergling x2  
  124  17:26  Zergling x2  
  110  17:30  Zergling x2  
  110  17:31  Zergling x2  
  110  17:32  Zergling x2  
  110  17:35  Zergling x4  
  110  17:39  Zergling x2  
Show
View Real Time Build Order
Export as new Build Order

Seither Terran - Winner!

Build Orders: Hellion Opening, Reaper Expand 

Get SALT Encoding   

  12  0:00  SCV  
  13  0:13  SCV  
  14  0:17  Supply Depot  
  14  0:25  SCV  
  15  0:39  SCV  
  15  0:40  Barracks  
  16  0:45  Refinery  
  16  0:51  SCV  
  17  1:03  SCV  
  18  1:15  SCV  
  19  1:28  Reaper, Orbital Command  
  20  1:41  Command Center  
  20  1:53  Supply Depot  
  20  1:54  SCV  
  20  2:00  Marine  
  22  2:06  SCV  
  23  2:10  Factory  
  23  2:18  SCV  
  23  2:21  Refinery  
  23  2:22  Barracks Reactor  
  24  2:30  SCV  
  25  2:42  SCV  
  26  2:54  SCV, Orbital Command  
  26  2:56  Starport  
  27  3:05  Hellion x2  
  31  3:07  SCV  
  31  3:11  Marine  
  32  3:19  SCV  
  33  3:22  SCV  
  33  3:26  Hellion x2  
  38  3:33  Fusion Core  
  38  3:34  SCV  
  38  3:36  SCV  
  38  3:38  Starport Tech Lab  
  38  3:40  Barracks Tech Lab  
  40  3:47  SCV  
  41  3:48  SCV  
  41  3:50  Hellion x2  
  43  3:59  SCV  
  43  4:00  SCV  
  43  4:05  Supply Depot  
  43  4:08  Supply Depot  
  43  4:11  SCV  
  43  4:13  SCV  
  45  4:26  SCV  
  45  4:27  SCV, Battlecruiser  
  53  4:33  Command Center  
  53  4:36  Supply Depot  
  53  4:42  Stimpack  
  53  4:44  SCV x2  
  55  4:54  Factory Reactor, Marine  
  55  4:55  Barracks  
  55  4:56  Barracks  
  55  4:57  SCV x2  
  58  5:02  Supply Depot  
  58  5:12  SCV x2  
  58  5:13  Engineering Bay x2  
  60  5:20  Refinery, Marine  
  61  5:21  Refinery  
  61  5:24  SCV x2  
  61  5:27  Supply Depot  
  63  5:36  SCV x2  
  63  5:40  Terran Infantry Weapons Level 1, Marine, Terran Infantry Armor Level 1  
  63  5:42  Starport Reactor  
  66  5:46  Orbital Command  
  66  5:48  SCV x2  
  68  5:58  Marine, Siege Tank  
  68  5:59  Marine x2  
  68  6:02  SCV x2  
  68  6:03  Barracks x2  
  76  6:06  Supply Depot  
  76  6:14  Marine x2  
  76  6:16  Orbital Command, Marine x2  
  80  6:23  Marine  
  80  6:24  Combat Shield  
  81  6:25  Medivac x2  
  81  6:30  SCV  
  81  6:31  SCV  
  81  6:32  Marine x2  
  83  6:40  Supply Depot, Marine x2  
  83  6:41  Supply Depot, Marine, Siege Tank  
  83  6:45  SCV x2  
  91  6:52  Barracks Reactor x2  
  91  6:55  Marine  
  91  6:56  Marine  
  91  6:58  Marine x2  
  91  7:00  SCV x3  
  98  7:03  Supply Depot  
  91  7:16  Supply Depot  
  91  7:19  Marine x2  
  91  7:20  Marine x3  
  97  7:25  SCV x3  
  97  7:29  Armory  
  96  7:37  Marine x2  
  96  7:38  Siege Tank  
  96  7:39  Factory  
  96  7:41  Supply Depot  
  96  7:42  SCV x3, Starport  
  96  7:43  Command Center  
  104  7:45  Marine x6  
  110  7:55  SCV x3  
  110  7:56  Refinery  
  110  7:58  Refinery  
  113  7:59  Supply Depot, Marine x3  
  113  8:03  Marine x4  
  120  8:07  SCV x3  
  120  8:10  Supply Depot  
  125  8:13  Widow Mine  
  124  8:20  Terran Infantry Weapons Level 2  
  124  8:21  Terran Infantry Armor Level 2  
  124  8:23  Medivac x2  
  124  8:24  Factory Reactor, Marine x2  
  124  8:25  Marine x4  
  134  8:28  Terran Vehicle And Ship Armor Level 1  
  134  8:32  SCV x3  
  134  8:33  Supply Depot  
  137  8:34  Supply Depot  
  137  8:42  Widow Mine  
  139  8:48  Barracks x2  
  139  8:50  Bunker, Missile Turret  
  139  8:51  Marine x3, Barracks  
  139  8:52  Marine x3  
  139  8:55  Medivac x2  
  149  8:59  SCV x2, Supply Depot  
  149  9:00  SCV  
  149  9:01  Widow Mine x2  
  156  9:07  Supply Depot  
  156  9:19  Missile Turret  
  156  9:22  Marine x3  
  157  9:25  Widow Mine, Thor  
  157  9:26  Widow Mine  
  157  9:28  Missile Turret  
  157  9:29  Missile Turret  
  164  9:36  Medivac x2  
  168  9:38  Barracks  
  168  9:45  Marauder, Missile Turret x2, Marine x2  
  172  9:47  Drilling Claws  
  172  9:50  Planetary Fortress  
  172  9:52  SCV x3, Missile Turret  
  174  9:58  Barracks Tech Lab x2  
  172  10:01  Missile Turret  
  172  10:04  SCV, Marine x6  
  172  10:06  SCV, Medivac x2  
  172  10:07  SCV, Marauder  
  184  10:20  Sensor Tower  
  178  10:26  Marauder x2, Marine x2, Barracks Tech Lab  
  184  10:29  SCV x3, Missile Turret  
  184  10:30  Marine x4  
  184  10:32  Thor  
  197  10:36  Widow Mine  
  197  10:41  Terran Vehicle And Ship Armor Level 2  
  198  10:42  Bunker  
  195  10:51  Medivac, Sensor Tower  
  195  10:52  Medivac  
  199  10:59  Terran Infantry Weapons Level 3, Marine  
  200  11:08  Missile Turret x2  
  200  11:09  Command Center  
  200  11:12  Missile Turret  
  200  11:20  Command Center x2  
  200  11:23  Concussive Shells  
  200  11:28  Terran Infantry Armor Level 3  
  200  11:30  Barracks  
  200  11:31  Barracks  
  198  11:44  Marine  
  198  11:45  Marine  
  200  11:50  Refinery  
  200  11:51  Refinery  
  200  12:08  Factory  
  196  12:18  Marine x5  
  196  12:19  Marine, Barracks Tech Lab  
  196  12:20  Barracks Tech Lab  
  196  12:21  SCV x3  
  186  12:32  SCV  
  186  12:33  SCV  
  183  12:37  Orbital Command x2  
  183  12:40  Marine x2  
  183  12:41  Marauder x2  
  187  12:52  Missile Turret  
  187  12:53  Missile Turret  
  187  12:55  Missile Turret x2, Widow Mine x2  
  187  12:57  Factory Reactor  
  191  13:00  Terran Vehicle And Ship Armor Level 3, Ghost Academy  
  184  13:11  Marauder x4, Marine x3  
  184  13:12  Marauder  
  195  13:13  Widow Mine, Liberator  
  195  13:15  Planetary Fortress  
  200  13:21  Missile Turret  
  200  13:33  Missile Turret, Sensor Tower  
  166  13:45  Marauder x5, Marine x2  
  166  13:46  Marauder, Marine  
  166  13:47  Medivac  
  166  13:48  Widow Mine x4  
  170  13:49  Widow Mine  
  172  13:56  SCV x5, Medivac  
  172  13:57  SCV, Sensor Tower  
  172  13:58  Missile Turret  
  180  14:05  Marine x3  
  180  14:06  Marauder x2, Marine x4  
  180  14:07  Marauder x3  
  180  14:09  Widow Mine  
  199  14:17  Medivac  
  193  14:19  Marine x2  
  193  14:20  Hi-Sec Auto Tracking, Neosteel Armor  
  193  14:22  Widow Mine x3  
  200  14:32  Command Center  
  197  15:02  Medivac, Marine  
  200  15:13  Orbital Command  
  200  15:16  Command Center x2  
  195  15:24  Orbital Command  
  181  15:32  Marauder x4, Marine x6  
  181  15:33  Widow Mine  
  181  15:34  Widow Mine  
  184  15:38  Marine x3  
  181  15:47  Marauder  
  181  15:49  Marine  
  180  15:50  Marine  
  180  15:53  Marauder  
  180  15:56  Widow Mine  
  180  15:57  Medivac x2, Widow Mine x3, Sensor Tower  
  192  16:00  Marauder, Marine x2  
  192  16:01  Marauder x2, Marine x3  
  171  16:29  Marauder x2, Marine x9  
  171  16:30  Marauder x3  
  171  16:31  Widow Mine  
  171  16:32  Medivac x2  
  174  16:33  Orbital Command  
  174  16:34  Orbital Command  
  167  16:41  Widow Mine  
  167  16:42  Widow Mine  
  167  16:47  Marine x9  
  168  16:51  Marauder x4  
  168  16:52  Orbital Command  
  179  16:58  Marine  
  178  17:01  SCV x2  
  178  17:02  SCV x5  
  178  17:04  Marine x2  
  178  17:05  Marine x4  
  178  17:06  Widow Mine x3  
  178  17:07  Medivac x2, Barracks Tech Lab  
  200  17:10  Marine x2  
  200  17:12  Marauder x3  
  200  17:13  SCV, Marauder  
  200  17:14  SCV x3  
  198  17:15  Marine  
  198  17:21  Widow Mine  
  198  17:22  Marine  
  189  17:31  Marauder, Marine x7  
  189  17:33  Marauder, Marine  
  200  17:40  Marine  
  200  17:42  Marine x2  
Tags
 
Add a new tag
Caveats
  • Supply blocks, unpowered buildings, or Contaminate may cause inaccurate times.
  • Supply counts are checked every 10 seconds.